 Dungeon Crawl Stone Soup version 0.29-a0-845-g6161e89988 (webtiles) character file.

Game seed: 6162471667313256719

375 zishaf the Trooper (level 6, -2/61 HPs)
             Began as an Ogre Chaos Knight on July 15, 2022.
             Was a Plaything of Xom.
             Slain by Edmund
             ... wielding a +2 flail of holy wrath
              (8 damage)
             ... on level 4 of the Dungeon.
             The game lasted 00:07:12 (4091 turns).

zishaf the Trooper (Ogre Chaos Knight)              Turns: 4091, Time: 00:07:13

Health: -2/61      AC:  5    Str: 19    XL:     6   Next: 72%
Magic:  10/10      EV:  9    Int: 13    God:    Xom [..*...]
Gold:   269        SH:  0    Dex:  8    Spells: 4/10 levels left

rFire   . . .      SeeInvis .   a - +1 mace (vorpal)
rCold   . . .      Faith    .   (no shield)
rNeg    . . .      Spirit   .   b - +2 robe
rPois   .          Reflect  .   (helmet restricted)
rElec   +          Harm     .   (no cloak)
rCorr   .          Rampage  .   (gloves unavailable)
Will    +....                   (boots unavailable)
Stlth   +.........              (no amulet)
HPRegen 0.20/turn               h - ring of willpower
MPRegen 0.12/turn               (no ring)

@: no status effects
A: large, unfitting armour, tough skin 1, horns 1, deterioration 1, frail 1,
sense surroundings 1, electricity resistance, wild magic 1
a: Renounce Religion


You were on level 4 of the Dungeon.
You worshipped Xom.
You were a toy of Xom.
You visited 1 branch of the dungeon, and saw 4 of its levels.

You collected 269 gold pieces.

Inventory:

Hand Weapons
 a - a +1 vorpal mace (weapon)
Missiles
 j - 9 poisoned darts
 q - a throwing net
 r - 4 boomerangs
Armour
 b - a +2 robe (worn)
Jewellery
 h - a ring of willpower (left hand)
 p - a ring of positive energy
Wands
 s - a wand of flame (16)
Scrolls
 d - a scroll of enchant armour
 m - 5 scrolls of teleportation
Potions
 e - a potion of lignification
 f - a potion of degeneration {unknown}
 g - a potion of curing
 i - 2 potions of ambrosia
 k - a potion of resistance
 l - a potion of heal wounds
 n - 2 potions of magic
 o - a potion of attraction {unknown}
 t - a potion of flight {unknown}
Miscellaneous
 c - a piece from Xom's chessboard (14/15) (quivered)


   Skills:
 + Level 6.3 Fighting
 + Level 4.2 Maces & Flails
 - Level 2.1 Dodging
 + Level 2.8 Spellcasting
 + Level 1.9 Necromancy
 + Level 1.1 Earth Magic


You had 4 spell levels left.
You knew the following spells:

 Your Spells              Type           Power      Damage    Failure   Level
a - Necrotise             Necr           36%        1d5       16%         1
b - Borgnjor's Vile Clut  Necr/Erth      3%         N/A       99%         5

Your spell library contained the following spells:

 Spells                   Type           Power      Damage    Failure   Level
 Gell's Gravitas          Tloc           2%         N/A       65%         3
 Lesser Beckoning         Tloc           2%         N/A       65%         3
 Teleport Other           Tloc           2%         N/A       65%         3
 Anguish                  Hex/Necr       2%         N/A       88%         4
 Necromutation            Tmut/Necr      2%         N/A       100%        8


Dungeon Overview and Level Annotations

Branches:
Dungeon (4/15)
 Temple: D:4-7

Altars:

Shops:
D:2 (

Annotations:
D:4 1 transporter, Edmund; zhov's ghost, amateur DsHu


Innate Abilities, Weirdness & Mutations

You are too large for most types of armour.
You have tough skin. (AC +1)
You have a pair of small horns on your head.
Your body sometimes deteriorates upon taking damage.
You are frail. (-10% HP)
You passively map a small area around you.
You are resistant to electric shocks. (rElec)
Your spells are a little harder to cast, but a little more powerful.


Message History

You kill the kobold!
You see here a +1 whip of flaming.
Edmund is nearby!
Edmund shouts!
You make a move on Xom's chessboard...
Edmund suddenly stops moving!
The helpless Edmund fails to defend himself.
You hit Edmund but do no damage.
The helpless Edmund fails to defend himself.
You hit Edmund but do no damage.
The helpless Edmund fails to defend himself.
You hit Edmund. You headbutt Edmund, but do no damage.
Edmund is lightly wounded.
The helpless Edmund fails to defend himself.
You sock Edmund! You headbutt Edmund. You punch Edmund, but do no damage.
Edmund is moderately wounded.
The helpless Edmund fails to defend himself.
You hit Edmund. You headbutt Edmund, but do no damage.
Edmund is heavily wounded.
The helpless Edmund fails to defend himself.
You hit Edmund. You headbutt Edmund, but do no damage.
Edmund is heavily wounded.
Edmund is no longer paralysed.
Edmund hits you with a +2 flail of holy wrath!
You barely miss Edmund. Your headbutt misses Edmund.
Edmund is heavily wounded.
Edmund hits you with a +2 flail of holy wrath! x2
You hit Edmund but do no damage.
Edmund is heavily wounded.
Edmund hits you with a +2 flail of holy wrath.
* * * LOW HITPOINT WARNING * * *
You hit Edmund. You headbutt Edmund.
Edmund is severely wounded.
Edmund hits you with a +2 flail of holy wrath!
* * * LOW HITPOINT WARNING * * *
You emit a cloud of colourful smoke!
Okay, then.
Edmund attacks as you move away!
Edmund hits you with a +2 flail of holy wrath!
You die...
Xom bursts into laughter!

##...##...........
##........##.....
###........#......
##......)..........
#.................#
##...............##
###.............##.
#§.@.##..... ,,,..
######.@...#..... .
##.....§.§....>... , **. ##
#................# ####
#...##..............., ..#..(
#....##.........©....,...#...
#...)..########### #.....#
#...††.#.Z....... ,#.....#
#.......#......... #......
##..##..#,.##...# #......


You could see Edmund and a bullfrog skeleton.

Vanquished Creatures
  A black bear (D:3)
  A scorpion (D:4)
  2 hounds (D:3)
  An iguana (D:4)
  A gnoll (D:2)
  3 adders (D:2)
  A worm (D:2)
  A dart slug (D:1)
  3 orcs
  8 endoplasms
  3 giant cockroaches
  5 goblins
  9 hobgoblins
  8 jackals
  10 kobolds
  5 quokkas
  11 ball pythons
  4 bats
  4 frilled lizards
  6 rats
87 creatures vanquished.

Notes
Turn   | Place    | Note
-------+----------+-------------------------------------------
     0 | D:1      | zishaf the Ogre Chaos Knight began the quest for the Orb.
     0 | D:1      | Reached XP level 1. HP: 24/24 MP: 1/1
   155 | D:1      | Reached XP level 2. HP: 29/33 MP: 2/2
   581 | D:1      | XOM: divination: detect creatures
   653 | D:1      | XOM: silly message
   797 | D:1      | Reached skill level 1 in Spellcasting
   820 | D:1      | XOM: divination: detect creatures
  1009 | D:2      | Reached XP level 3. HP: 40/40 MP: 4/4
  1081 | D:2      | XOM: cloud trail
  1092 | D:2      | XOM is BORED!
  1092 | D:2      | Found Feoli's Antique Weapon Shoppe.
  1092 | D:2      | XOM: 4-stop teleportation journey
  1286 | D:2      | Reached skill level 5 in Fighting
  1293 | D:2      | XOM: smoke on damage
  1295 | D:2      | XOM: divination: detect creatures
  1308 | D:2      | Reached XP level 4. HP: 11/50 MP: 5/5
  1496 | D:1      | XOM: give mutation
  1496 | D:1      | Gained mutation: You are weak. (Str -2) [Xom's mischief]
  1584 | D:2      | Found a faded altar of an unknown god.
  1645 | D:2      | Got Kikubaaqudgha's Collected Works on Evil Rites
  1667 | D:2      | Learned a level 1 spell: Necrotise
  1924 | D:2      | XOM: give mutations
  1924 | D:2      | Gained mutation: Your body sometimes deteriorates upon
                  | taking damage. [Xom's mischief]
  1924 | D:2      | Gained mutation: You are frail. (-10% HP) [Xom's mischief]
  2006 | D:3      | XOM: snakes to sticks
  2023 | D:3      | XOM: polymorph giant cockroach -> quokka
  2052 | D:3      | XOM: give mutations
  2052 | D:3      | Lost mutation: You are weak. (Str -2) [Xom's grace]
  2052 | D:3      | Gained mutation: You have a pair of small horns on your
                  | head. [Xom's grace]
  2052 | D:3      | Gained mutation: You passively map a small area around you.
                  | [Xom's grace]
  2102 | D:3      | XOM: god gift: 2 scrolls labelled DONICS XEOD {god gift}
  2498 | D:3      | XOM: fog
  2505 | D:3      | Reached skill level 1 in Necromancy
  2505 | D:3      | Reached XP level 5. HP: 46/52 MP: 7/7
  2750 | D:3      | XOM: give mutations
  2750 | D:3      | Gained mutation: You are resistant to electric shocks.
                  | (rElec) [Xom's grace]
  2750 | D:3      | Gained mutation: Your spells are a little harder to cast,
                  | but a little more powerful. [Xom's grace]
  2858 | D:3      | XOM: noise
  2944 | D:3      | XOM: noise
  3056 | D:4      | XOM: silly message
  3222 | D:4      | Learned a level 5 spell: Borgnjor's Vile Clutch
  3251 | D:4      | Noticed Edmund
  3255 | D:4      | XOM: potion effect (curing)
  3259 | D:4      | XOM: silly message
  3259 | D:4      | Noticed a black bear
  3276 | D:4      | XOM: silly message
  3544 | D:3      | Reached skill level 6 in Fighting
  3544 | D:3      | Reached XP level 6. HP: 34/60 MP: 9/9
  3549 | D:3      | Killed a black bear
  3550 | D:3      | Reached skill level 1 in Earth Magic
  3670 | D:3      | XOM: divination: magic mapping
  3947 | D:4      | Found a transporter.
  3949 | D:4      | Noticed zhov's ghost (amateur DsHu)
  3957 | D:4      | XOM: potion effect (curing)
  4090 | D:4      | XOM: smoke on damage
  4091 | D:4      | Slain by Edmund

Illustrated notes

Levels and vault maps discovered:
D:1:      dpeg_arrival_houses_and_road, layout_basic,
          nicolae_kite_square_tiling_tiny
D:2:      minmay_evil_eye, layout_basic,
          hellmonk_ecumenical_altar_leap_of_faith, serial_shops, shop,
          hangedman_decor_push
D:3:      minmay_angry_zag, layout_loops_cross, minmay_puff
D:4:      layout_cave_pools, gammafunk_ghost_mausoleum, uniq_edmund,
          uniq_crazy_yiuf_cottage

Skill      XL: |  1  2  3  4  5  6 |
---------------+-------------------+-----
Maces & Flails | 3 4 |  4.2
Spellcasting   | 1 2 |  2.8
Fighting       | 5 6 |  6.3
Necromancy     | 1 |  1.9
Earth Magic    | 1 |  1.1
Dodging        | |  2.1

Action                   |  1- 3 |  4- 6 || total
-------------------------+-------+-------++-------
Melee: Mace              |    94 |   175 ||   269
       Headbutt          |       |    21 ||    21
       Punch             |       |     1 ||     1
Evoke: Piece from Xom's  |       |     3 ||     3
  Use: Scroll            |       |    14 ||    14
 Stab: Sleeping          |       |     1 ||     1
       Paralysed         |       |     6 ||     6
Armor: Robe              |    38 |   105 ||   143
Dodge: Dodged            |    56 |   113 ||   169

Table legend: (Time is in decaauts)
 A = Elapsed time spent in this place.
 B = Non-inter-level travel time spent in this place.
 C = Inter-level travel time spent in this place.
 D = Time resting spent in this place.
 E = Time spent auto-exploring this place.
 F = Levels seen in this place.
 G = Mean time per level.
                   A        B        C        D        E       F      G
               +--------+--------+--------+--------+--------+-----+--------+
         Total |   4152 |   4122 |     30 |    604 |   2694 |   4 | 1038.0 |
       Dungeon |   4152 |   4122 |     30 |    604 |   2694 |   4 | 1038.0 |
               +--------+--------+--------+--------+--------+-----+--------+

Top non-repeatable levels by time:
     D:3: 1472 daAuts
     D:1: 1173 daAuts
     D:2: 859 daAuts
     D:4: 646 daAuts
